 Dungeon Crawl Stone Soup version 0.18-a0-998-gcb3fcb1 (webtiles) character file.

336 aspa the Magician (level 6, -1/54 HPs)
             Began as an Octopode Wizard on Jan 5, 2016.
             Slain by a phantom (6 damage)
             ... on level 5 of the Dungeon.
             The game lasted 00:28:27 (5740 turns).

aspa the Magician (Octopode Wizard)                 Turns: 5740, Time: 00:28:28

Health: -1/54      AC:  1    Str: 11      XL:     6   Next: 54%
Magic:  1/15       EV: 17    Int: 24 (28) God:
Gold:   141        SH:  0    Dex: 15      Spells: 7 memorised, 3 levels left

rFire  + . .     SeeInvis .     A - +1 whip (flame)
rCold  + . .     Gourm    .     (no shield)
rNeg   . . .     Faith    .     a - +0 hat
rPois  +         Spirit   .     (no amulet)
rElec  +         Dismiss  .     k - ring of protection from magic
rCorr  +         Reflect  .     (no ring)
SustAt .         Harm     .     (no ring)
MR     +....                    (no ring)
Stlth  ..........               (no ring)
                                (no ring)
                                (no ring)
                                (no ring)

@: mighty, brilliant, agile, berserking, resistant, flying, very quick, somewhat
resistant to hostile enchantments, extremely unstealthy
A: almost no armour, amphibious, 8 rings, constrict 8, camouflage 1, gelatinous
body 1
a: no special abilities


You were on level 5 of the Dungeon.
You were hungry.

You visited 1 branch of the dungeon, and saw 6 of its levels.

You collected 141 gold pieces.

Inventory:

Hand Weapons
 A - a +1 whip of flaming (weapon)
Armour
 a - a +0 hat (worn)
Jewellery
 k - a ring of protection from magic (left tentacle)
Wands
 y - a wand of digging (19/24)
Scrolls
 d - a scroll of fear {unknown}
 f - 6 scrolls of identify
 h - 2 scrolls of amnesia
 j - 2 scrolls of recharging {unknown}
 p - a scroll of blinking
 s - a scroll of remove curse {unknown}
 t - a scroll of enchant weapon {unknown}
 u - 3 scrolls of immolation {unknown}
 w - a scroll of fog {unknown}
 x - a scroll of random uselessness {unknown}
 z - 2 scrolls of teleportation {unknown}
Potions
 o - a potion of might
Books
 b - a book of Minor Magic

   Spells                             Type                      Level
   a - Magic Dart                     Conjuration                  1
   b - Blink                          Translocation                2
   c - Call Imp                       Summoning                    2
   d - Repel Missiles                 Charms/Air                   2
   e - Slow                           Hexes                        2
   f - Conjure Flame                  Conjuration/Fire             3
   g - Mephitic Cloud                 Conjuration/Poison/Air       3
Comestibles
 c - 2 bread rations
 m - 2 meat rations
 v - 10 chunks of flesh


   Skills:
 - Level 2.0 Dodging
 - Level 2.6 Stealth
 + Level 6.6 Spellcasting
 - Level 1.0 Conjurations
 - Level 1.0 Summonings
 - Level 1.0 Translocations


You had 3 spell levels left.
You knew the following spells:

 Your Spells              Type           Power        Failure   Level  Hunger
a - Magic Dart            Conj           ####         1%          1    None
b - Call Imp              Summ           ####....     1%          2    None
c - Mephitic Cloud        Conj/Pois/Air  ###.....     2%          3    None
d - Blink                 Tloc           N/A          1%          2    None
e - Repel Missiles        Chrm/Air       ###...       1%          2    None
f - Conjure Flame         Conj/Fire      ###.....     2%          3    None
g - Slow                  Hex            ###.....     1%          2    None


Dungeon Overview and Level Annotations

Branches:
Dungeon (6/15)
 Temple: D:4-7

Altars:
Ashenzari
Pakellas

Shops:
D:4 [

Annotations:
D:4 Dowan, Duvessa


Innate Abilities, Weirdness & Mutations

You cannot wear most types of armour.
You are amphibious.
You can wear up to eight rings at the same time.
You can use your tentacles to constrict eight enemies at once.
Your skin changes colour to match your surroundings (Stealth).
Your rubbery body absorbs attacks (AC +1).


Message History

Confirm with . or Enter, or press ? or * to list all spells.
Aiming: Magic Dart
Press: ? - help, Shift-Dir - straight line, f/p - phantom
Aim: a phantom (almost destroyed)
The magic dart hits the phantom.
The phantom is almost destroyed.
You are feeling hungry.
Your magical contamination has completely faded away.
Drink which item? (? for menu, Esc to quit)
It was a potion of agility.
You feel agile all of a sudden.
Drink which item? (? for menu, Esc to quit)
It was a potion of berserk rage.
A red film seems to cover your vision as you go berserk!
You feel yourself moving faster!
You feel mighty!
The phantom blinks!
You are too injured to fight recklessly!
You hit the phantom. You burn the phantom.
The phantom is almost destroyed.
The phantom hits you.
You die...

######### #...ยง.[W# ###
#.#####@# #.. #######.### #.#
#.# ..5.......###.# #.#
#...##...#.##+######## #..
.#g.##..#............#########
#....#....................
g..#..#...............########
# ..##..##.####.......#.......
#.: #.. #.......##.##........


You could see a phantom.

Vanquished Creatures
  A crimson imp (D:3)
  A hound (D:3)
  3 orc wizards
  A worker ant (D:3)
  A hound skeleton (D:4)
  5 adders
  2 oozes
  An adder skeleton (D:4)
  A worm (D:4)
  5 giant geckos
  10 orcs
  8 giant cockroaches
  7 goblins
  8 hobgoblins
  6 jackals
  2 quokkas (D:2)
  A ball python (D:1)
  7 bats
  5 giant newts
  5 kobolds
  7 rats
87 creatures vanquished.

Vanquished Creatures (collateral kills)
  2 adders
  An orc (D:3)
3 creatures vanquished.

Grand Total: 90 creatures vanquished

Notes
Turn   | Place    | Note
--------------------------------------------------------------
     0 | D:1      | aspa the Octopode Wizard began the quest for the Orb.
     0 | D:1      | Reached XP level 1. HP: 11/11 MP: 4/4
   392 | D:1      | Reached XP level 2. HP: 17/17 MP: 0/6
   396 | D:1      | Learned a level 2 spell: Call Imp
  1460 | D:2      | Reached XP level 3. HP: 21/21 MP: 2/8
  1471 | D:2      | Learned a level 3 spell: Mephitic Cloud
  1519 | D:2      | Reached skill level 4 in Spellcasting
  1937 | D:2      | Learned a level 2 spell: Blink
  1940 | D:2      | Learned a level 2 spell: Repel Missiles
  2204 | D:2      | Reached XP level 4. HP: 23/27 MP: 0/10
  2318 | D:2      | Found an oddly glowing altar of Pakellas.
  3031 | D:3      | Reached skill level 5 in Spellcasting
  3031 | D:3      | Reached XP level 5. HP: 14/31 MP: 2/12
  3585 | D:4      | Found Zilenkik's Antique Armour Shop.
  4011 | D:3      | Learned a level 3 spell: Conjure Flame
  4014 | D:3      | Learned a level 2 spell: Slow
  4363 | D:3      | Reached skill level 6 in Spellcasting
  4368 | D:3      | Reached XP level 6. HP: 25/36 MP: 9/15
  4452 | D:4      | Noticed Duvessa
  4452 | D:4      | Noticed Dowan
  5445 | D:5      | Entered Level 5 of the Dungeon
  5498 | D:5      | Noticed a phantom
  5674 | D:5      | Found a shattered altar of Ashenzari.
  5691 | D:5      | Noticed an ice beast
  5740 | D:5      | Slain by a phantom

Vault maps used:
D:1:      mrwooster_arrival_statue_3
D:2:      grunt_pakellas_sulfur, serial_bayou_lake_a
D:4:      serial_shops, shop, hangedman_minor_gate_pass, uniq_sigmund,
          uniq_duvessa
D:5:      marbit_many_paths, minmay_temple_entry_crystal_x, first_bread,
          lightli_ossuary_entry_decrepit_ruins, minivault_26

Action                   |  1- 3 |  4- 6 || total
-------------------------+-------+-------++-------
Melee: Unarmed           |    29 |    79 ||   108
       Whip              |       |    11 ||    11
 Cast: Magic Dart        |    97 |   180 ||   277
       Call Imp          |     3 |     6 ||     9
       Repel Missiles    |     1 |       ||     1
       Mephitic Cloud    |       |     8 ||     8
       Blink             |       |     5 ||     5
       Conjure Flame     |       |     3 ||     3
  Use: Potion            |       |     8 ||     8
       Scroll            |       |     2 ||     2
 Stab: Sleeping          |     2 |     4 ||     6
       Distracted        |     1 |       ||     1
       Confused          |       |     2 ||     2
  Eat: Chunk             |     4 |     6 ||    10
       Bread ration      |       |     1 ||     1
